 Dungeon Crawl Stone Soup version 0.29-a0-542-g075992c915 (webtiles) character file.

Game seed: 1588785840843091034

37 Bruhh the Stinger (level 3, -8/26 HPs)
             Began as a Draconian Venom Mage on June 4, 2022.
             Killed from afar by Sigmund (9 damage)
             ... with a puff of flame
             ... on level 3 of the Dungeon.
             The game lasted 00:02:29 (2372 turns).

Bruhh the Stinger (Draconian Venom Mage)            Turns: 2372, Time: 00:02:30

Health: -8/26      AC:  5    Str: 10    XL:     3   Next: 21%
Magic:  4/7        EV: 12    Int: 17    God:
Gold:   117        SH:  0    Dex: 11    Spells: 6/7 levels left

rFire   . . .      SeeInvis .   (no weapon)
rCold   . . .      Faith    .   (no shield)
rNeg    . . .      Spirit   .   (body armour unavailable)
rPois   .          Reflect  .   (helmet restricted)
rElec   .          Harm     .   (no cloak)
rCorr   .          Rampage  .   (no gloves)
Will    .....                   (no boots)
Stlth   ++........              (no amulet)
HPRegen 0.08/turn               (no ring)
MPRegen 0.10/turn               (no ring)

@: no status effects
A: AC +5, unfitting armour, cold-blooded
a: no special abilities


You were on level 3 of the Dungeon.
You visited 1 branch of the dungeon, and saw 3 of its levels.

You collected 117 gold pieces.

Inventory:

Jewellery
 i - a +6 ring of intelligence
 m - a +6 ring of intelligence
Scrolls
 b - a scroll of enchant armour {unknown}
 c - 3 scrolls of identify {unknown}
 d - a scroll of poison {unknown}
 g - a scroll of teleportation {unknown}
 h - a scroll of noise {unknown}
 l - 2 scrolls of magic mapping {unknown}
 n - a scroll of vulnerability {unknown}
 q - a scroll of amnesia {unknown}
Potions
 a - a potion of magic
 e - a potion of flight {unknown}
 f - 2 potions of heal wounds {unknown}
 j - a potion of curing {unknown}
 k - a potion of resistance {unknown}
 o - 2 potions of haste {unknown}
 p - a potion of brilliance {unknown}


   Skills:
 - Level 1.7 Dodging
 - Level 1.7 Stealth
 + Level 2.8 Spellcasting
 - Level 1.0 Transmutations
 + Level 3.7 Poison Magic


You had 6 spell levels left.
You knew the following spells:

 Your Spells              Type           Power      Damage    Failure   Level
a - Sting                 Tmut/Pois      40%        1d5       7%          1

Your spell library contained the following spells:

 Spells                   Type           Power      Damage    Failure   Level
 Poisonous Vapours        Pois/Air       16%        N/A       13%         2
 Mephitic Cloud           Conj/Pois/Air  6%         N/A       32%         3
 Olgreb's Toxic Radiance  Pois           15%        N/A       36%         4
 Freezing Cloud           Conj/Ice/Air   1%         6-21      99%         5
 Simulacrum               Ice/Necr       1%         N/A       100%        6
 Polar Vortex             Ice            1%         N/A       100%        9


Dungeon Overview and Level Annotations

Branches:
Dungeon (3/15)

Altars:

Shops:
D:2 :

Annotations:
D:3 Sigmund


Innate Abilities, Weirdness & Mutations

Your plain brown scales are hard. (AC +5)
You cannot fit into any form of body armour.
You are cold-blooded and may be slowed by cold attacks.


Message History

The orc is moderately wounded.
The orc barely misses you.
The sting hits the orc but does no damage.
The orc looks even sicker.
The orc is moderately wounded.
Sigmund the Dreaded comes into view.
He is wielding a +0 scythe.
The orc closely misses you.
A goblin comes into view. It is wielding a +0 dagger.
The sting hits the orc.
The orc looks even sicker.
The orc is heavily wounded.
The goblin shouts!
You hear a shout! x3
Sigmund completely misses you. The orc misses you.
There are monsters nearby!
The orc attacks as you move away! The orc hits you with a +0 club.
Casting: Sting (safe; 7% risk of failure)
Confirm with . or Enter, or press ? or * to list all spells.
Okay, then.
The orc attacks as you move away! The orc hits you with a +0 club.
You kill the orc!
Things that are here:
a +0 club; 2 poisoned darts Sigmund gestures at you while chanting.
You are confused.
Sigmund casts a spell at you. The puff of flame hits you!
Okay, then.
You bump into the rock wall.
You bump into the rock wall.
Sigmund hits you from afar with a +0 scythe!
* * * LOW HITPOINT WARNING * * *
You bump into the rock wall.
Sigmund hits you from afar with a +0 scythe.
* * * LOW HITPOINT WARNING * * *
Unknown command.
Okay, then.
You feel less confused.
You see here 19 stones.
Sigmund casts a spell at you. The puff of flame hits you!
You die...

#############
#.@...@.....# .
#g#########.# ..
#.#.#######.# ...
#@#.........# ....
#g#.######### .....
#.#.# ......####.#.#
....g..@.).#.#######
......######.......#


You could see Sigmund and a goblin.

Vanquished Creatures
  An adder (D:3)
  A dart slug (D:2)
  2 orcs (D:3)
  A ball python (D:1)
  6 endoplasms
  A giant cockroach (D:1)
  2 goblins
  A quokka (D:2)
  3 bats
  A frilled lizard (D:1)
  2 rats
21 creatures vanquished.

Notes
Turn   | Place    | Note
-------+----------+-------------------------------------------
     0 | D:1      | Bruhh the Draconian Venom Mage began the quest for the Orb.
     0 | D:1      | Reached XP level 1. HP: 14/14 MP: 3/3
   916 | D:1      | Reached XP level 2. HP: 20/20 MP: 3/5
  1308 | D:2      | Found Jiwolaf's Book Shoppe.
  2250 | D:3      | Reached XP level 3. HP: 23/26 MP: 1/7
  2353 | D:3      | Noticed Sigmund
  2366 | D:3      | HP: 1/26 [Sigmund/+0 scythe (5)]
  2372 | D:3      | Killed from afar by Sigmund

Illustrated notes

Levels and vault maps discovered:
D:1:      amcnicky_arrival_wind_blow, layout_basic
D:2:      layout_loops_corners, serial_shops, shop, mrwooster_statue_mirror,
          hangedman_decor_riveting
D:3:      layout_basic, nicolae_overflow_crystal_walls, uniq_sigmund, uniq_ijyb,
          uniq_robin

Action                   || total
-------------------------++-------
Melee: Unarmed           ||    18
       Tailslap          ||     1
 Cast: Sting             ||    47
Armor: Skin              ||    15
Dodge: Dodged            ||    39

Table legend: (Time is in decaauts)
 A = Elapsed time spent in this place.
 B = Non-inter-level travel time spent in this place.
 C = Inter-level travel time spent in this place.
 D = Time resting spent in this place.
 E = Time spent auto-exploring this place.
 F = Levels seen in this place.
 G = Mean time per level.
                   A        B        C        D        E       F      G
               +--------+--------+--------+--------+--------+-----+--------+
         Total |   2377 |   2306 |     71 |      0 |   2102 |   3 |  792.3 |
       Dungeon |   2377 |   2306 |     71 |      0 |   2102 |   3 |  792.3 |
               +--------+--------+--------+--------+--------+-----+--------+

Top non-repeatable levels by time:
     D:1: 1176 daAuts
     D:2: 1046 daAuts
     D:3: 154 daAuts
